 Dungeon Crawl Stone Soup version 0.31.0-12-g77e489cdc1 (webtiles) character file.

Game seed: 6147584615072565626

135402 Gadfly the Bludgeoner (level 17, -7/134 (145) HPs)
             Began as an Oni Berserker on Mar 2, 2024.
             Was the Champion of Trog.
             Mangled by a green very ugly thing (17 damage)
             ... on level 3 of the Abyss on Mar 3, 2024.
             The game lasted 00:59:24 (26670 turns).

Gadfly the Bludgeoner (Oni Berserker)              Turns: 26670, Time: 00:59:24

HP:   -7/134 (145)  AC: 14    Str: 35 (37) XL:     17   Next: 19%
MP:   17/17         EV: 18    Int:  7      God:    Trog [******]
Gold: 2421          SH:  0    Dex: 12      Spells: 16/16 levels left

rFire   x x .        a - +5 dire flail (heavy)
rCold   . . .        (shield currently unavailable)
rNeg    . . .        D - +2 swamp dragon scales
rPois   +            Q - +1 hat {SInv}
rElec   .            L - +1 cloak
rCorr   .            (gloves unavailable)
SInv    +            (boots unavailable)
Will    +....        Y - amulet of Kunac {Regen+ Str+3} Stlth
                     o - +5 ring of evasion
HPRegen 1.22/turn    s - +6 ring of strength
MPRegen 0.15/turn

%: no passive effects
@: confused, lethally poisoned (-7 -> -60), studying Shapeshifting, drained
A: large, unfitting armour, horns 1, tough skin 1, double potion healing,
drunken brawling, hooves 1, agile 1, passive freeze, [clumsy 1], [deformed
body], [deterioration 2], [frail 2], [screaming 2], [heat vulnerability 2],
[inability to drink after injury 2], [inability to read after injury 2]
a: Renounce Religion, Berserk, Trog's Hand, Brothers in Arms


You were on level 3 of the Abyss.
You worshipped Trog.
Trog was exalted by your worship.
You visited 5 branches of the dungeon, and saw 25 of its levels.
You visited the Abyss 1 time.
You also visited: Sewer.

You collected 2731 gold pieces.
You spent 310 gold pieces at shops.

Inventory:

Hand Weapons
 a - a +5 heavy dire flail (weapon)
 b - a +3 great mace of flaming
 l - a +5 antimagic giant club
 v - a +4 flail of draining
 X - a +1 great mace of protection
Armour
 D - +2 swamp dragon scales (worn)
 L - a +1 cloak (worn)
 Q - a +1 hat of see invisible (worn)
Jewellery
 h - the ring of Heresy {rC+ MP-9 Dex+3 SInv}
   (You found it on level 13 of the Dungeon)

   [ring of see invisible]

   Dex+3:     It affects your dexterity (+3).
   rC+:       It protects you from cold.
   MP-9:      It affects your magic capacity (-9).
   SInv:      It lets you see invisible.
 o - a +5 ring of evasion (left hand)
 s - a +6 ring of strength (right hand)
 u - a ring of resist corrosion
 x - a ring of fire
 Y - the amulet of Kunac (around neck) {Regen+ Str+3}
   (You took it off an orc warrior on level 13 of the Dungeon)

   [amulet of regeneration]

   Str+3:     It affects your strength (+3).
   Regen+:    It increases your rate of health regeneration.
 Z - a ring of protection from cold
Wands
 g - a wand of iceblast (18)
 j - a wand of digging (4)
 m - a wand of flame (72) (quivered)
 B - a wand of paralysis (4)
 C - a wand of acid (5)
 E - a wand of polymorph (16)
 H - a wand of mindburst (15)
Scrolls
 d - 2 scrolls of silence
 f - 6 scrolls of teleportation
 k - 3 scrolls of fog
 n - 3 scrolls of poison
 r - 11 scrolls of identify
 y - 2 scrolls of revelation
 A - 3 scrolls of vulnerability
 G - a scroll of butterflies
 K - 4 scrolls of enchant weapon
 M - a scroll of enchant armour
 U - a scroll of fear
 V - a scroll of brand weapon
 W - a scroll of blinking
Potions
 c - 2 potions of enlightenment
 e - 4 potions of curing
 i - 7 potions of mutation
 p - 3 potions of berserk rage
 q - 4 potions of haste
 t - a potion of resistance
 w - 5 potions of cancellation
 z - 3 potions of might
 O - 4 potions of heal wounds
 S - 4 potions of attraction
Miscellaneous
 J - a box of beasts
 P - a phantom mirror
 T - a condenser vane


   Skills:
 + Level 14.9 Fighting
 * Level 15.6 Maces & Flails
 * Level 14.5 Armour
 - Level 10.8 Dodging
 * Level 12.8 Evocations


You had 16 spell levels left.
You didn't know any spells.
Your spell library was empty.

Dungeon Overview and Level Annotations

Branches:
Dungeon (15/15)            Temple (1/1) D:6            Lair (5/5) D:10
  Swamp (2/4) Lair:3        Snake (0/4) Lair:2        Slime (0/5) Lair:4
    Orc (2/2) D:10            Elf (0/3) Orc:2        Vaults (0/5) D:14
 Depths (0/4) D:15          Sewer (visited)

Altars:
Ashenzari
Cheibriados
Dithmenos
Elyvilon
Fedhas
Gozag
Hepliaklqana
Kikubaaqudgha
Makhleb
Nemelex Xobeh
Okawaru
Qazlal
Ru
Sif Muna
Trog
Uskayaw
Vehumet
Wu Jian
Xom
Yredelemnul
Zin
The Shining One
Jiyva

Shops:
D:11 [   D:15 ?   Orc:2 [*(?

Annotations:
Lair:1 1 runed translucent door, seawaffle's ghost, journeyman TrFi
Swamp:2 Louise


Innate Abilities, Weirdness & Mutations

You are too large for most types of armour.
You have a pair of small horns on your head.
You have tough skin. (AC +1)
You gain doubled healing and magic from potions.
Whenever you drink a healing potion, you attack all around you.
You have large cloven feet.
You are agile. (Dex +4, Str/Int -1)
A frigid envelope surrounds you and freezes all who hurt you.
[You are clumsy. (Dex -2)]
[Armour fits poorly on your strangely shaped body.]
[Your body often deteriorates upon taking damage.]
[You are very frail. (-20% HP)]
[You frequently scream uncontrollably at your foes.]
[You are very vulnerable to heat. (rF--)]
[You sometimes lose the ability to drink potions when taking damage.]
[You sometimes lose the ability to read scrolls when taking damage.]


Message History

Your kick misses the green very ugly thing.
The green very ugly thing is severely wounded.
The golden eye blinks at you.
You easily resist.
The golden eye blinks at you. You resist with almost no effort.
The green very ugly thing engulfs you but does no damage.
The green very ugly thing is very cold.
The green very ugly thing is severely wounded.
The golden eye blinks at you.
You easily resist.
You bump into the rock wall.
The green very ugly thing misses you. The golden eye blinks at you.
You resist with almost no effort.
Unknown command.
The golden eye blinks at you. You resist with almost no effort.
A starcursed mass splits.
The golden eye blinks at you.
You are more confused.
The green very ugly thing engulfs you!
Your body deteriorates!
You feel weakened.
The golden eye blinks!
The green very ugly thing attacks as it pursues you!
The green very ugly thing engulfs you.
You are lethally poisoned!
The green very ugly thing poisons you!
* * * LOW HITPOINT WARNING * * *
You feel extremely sick. The golden eye blinks at you.
You resist with almost no effort.
You hit the green very ugly thing.
Your kick misses the green very ugly thing.
Your headbutt misses the green very ugly thing.
The green very ugly thing is severely wounded.
* * * LOW HITPOINT WARNING * * *
You feel extremely sick.
The starcursed mass shrieks in your mind.
* * * LOW HITPOINT WARNING * * *
The green very ugly thing engulfs you!
You die...

.. . #. ## ..
.##.#.##.....#
. .. .#.......
. . #..[.....#
.# . # .......
..# .# ..###
.. #. #...# #
.. ###...# #
###X*u@##
#zG###.#
#.#.##.#
#zzXX###
.#zG#X..#
...XX#XX.. #
.....X..X..##
..#.....#..##
. ##...###.###


You could see a starcursed mass, a green very ugly thing, a wretched star, a
laughing skull and a golden eye.

Vanquished Creatures
  Rupert (D:12)
  The ghost of FoolsGold the Earth Mage, an adept GrEE of Sif Muna (Lair:2)
  Gastronok (Orc:1)
  3 tentacled starspawn (Abyss:3)
  A fire giant (D:14)
  The ghost of DrFunkyFeet the Stormcaller, a journeyman OnAE of Hepliaklqana (Lair:4)
  An eleionoma (Swamp:1)
  2 bunyips (Swamp:1)
  The ghost of Gadfly the Blocker, a journeyman GrFi of the Shining One (Lair:3)
  Josephine (D:12)
  2 fire dragons
  The ghost of dornbeast the Covert, a journeyman DsWn of Dithmenos (Lair:3)
  3 catoblepae (Lair:5)
  8 vault guards (D:14)
  10 hydras
  6 two-headed ogres
  Erica (Orc:1)
  An alligator (Swamp:1)
  4 centaur warriors
  8 boulder beetles
  11 death yaks
  2 tengu warriors (D:13)
  A vampire mage (Abyss:3)
  7 orc high priests
  2 thrashing horrors (Abyss:3)
  Nergalle (Orc:1)
  Amaemon (Lair:3)
  A skyshark (Lair:3)
  A fire crab (Lair:3)
  A spriggan druid (Swamp:1)
  2 swamp dragons (Swamp:1)
  2 lindwurms (Lair:4)
  8 orc knights
  2 deep elf pyromancers (D:13)
  7 ugly things
  An oklob plant (Lair:1)
  8 cyclopes
  A will-o-the-wisp (Swamp:1)
  3 manticores
  A moth of wrath (Lair:4)
  11 elephants
  6 black mambas
  19 slime creatures
  2 kobold blastminers (Orc:2)
  A cane toad (shapeshifter) (D:15)
  An orange demon (Lair:3)
  2 torpor snails
  12 cane toads
  Jeremiah (D:9)
  Maggie (D:7)
  4 rime drakes
  4 gargoyles
  4 unseen horrors
  10 komodo dragons
  11 kobold demonologists
  An efreet (D:14)
  3 tengu conjurers (D:13)
  4 tyrant leeches (Swamp:1)
  3 polar bears
  7 trolls
  Grinder (D:4)
  2 raiju (D:13)
  2 tarantellas (Lair:4)
  5 hornets
  17 blink frogs
  2 jumping spiders (Lair:4)
  3 spriggans (Swamp:1)
  2 vampires
  A centaur simulacrum (D:15)
  A shadow (D:12)
  2 water elementals (D:14)
  Eustachio (D:4)
  43 yaks
  9 wraiths
  4 wyverns
  8 steam dragons
  6 basilisks
  3 hogs (D:12)
  18 wargs
  A golden eye (Abyss:3)
  A warg (shapeshifter) (D:12)
  2 redbacks (Lair:4)
  19 vampire mosquitoes
  5 swamp worms
  3 nagas (Lair:2)
  13 water moccasins
  9 black bears
  A hell hound (D:13)
  A swamp drake (Swamp:1)
  31 orc warriors
  A sky beast (D:6)
  An ice beast (D:7)
  A laughing skull (Abyss:3)
  15 wolves
  6 ogres
  13 centaurs
  11 kobold brigands
  7 phantoms
  12 bullfrogs
  7 gnoll sergeants
  8 scorpions
  11 wights (D:8)
  6 killer bees (D:9)
  7 howler monkeys
  4 electric eels (D:14)
  2 lava snakes (Lair:4)
  A quasit (D:8)
  A centaur zombie (D:8)
  16 orc priests
  9 jellies
  3 hounds
  6 sleepcaps
  2 scorpion zombies (D:8)
  2 iguanas
  18 orc wizards
  4 killer bee zombies (D:8)
  6 gnolls
  10 adders
  4 river rats (Sewer)
  18 shadow imps
  3 white imps
  An ufetubus (D:6)
  5 ribbon worms
  4 dart slugs
  75 orcs
  21 endoplasms
  4 giant cockroaches
  7 goblins
  4 hobgoblins
  51 kobolds
  7 quokkas
  19 ball pythons
  7 bats
  6 frilled lizards
  12 kobold skeletons (D:9)
  6 kobold zombies (D:9)
  21 rats
  4 starspawn tentacles (Abyss:3)
912 creatures vanquished.

Vanquished Creatures (others)
  Jorgrun (D:12)
  Kirke (D:12)
  A bloated husk (Swamp:1)
  2 spriggans (Swamp:1)
  2 orcs (D:6)
  2 foxfires (Swamp:1)
  4 starspawn tentacles (Abyss:3)
13 creatures vanquished.

Grand Total: 925 creatures vanquished

Notes
Turn   | Place    | Note
-------+----------+-------------------------------------------
     0 | D:1      | Gadfly the Oni Berserker began the quest for the Orb.
     0 | D:1      | Reached XP level 1. HP: 24/24 MP: 1/1
   157 | D:1      | Reached XP level 2. HP: 27/32 MP: 2/2
   435 | D:1      | Found a faded altar of an unknown god.
   704 | D:2      | Reached skill level 1 in Evocations
   704 | D:2      | Reached XP level 3. HP: 28/39 MP: 3/3
   974 | D:2      | Found a sacrificial altar of Ru.
   978 | D:2      | Reached ** piety under Trog
  1341 | D:3      | Reached XP level 4. HP: 49/49 MP: 4/4
  2156 | D:4      | Noticed Eustachio
  2447 | D:4      | Killed Eustachio
  2448 | D:4      | Reached skill level 5 in Fighting
  2448 | D:4      | Reached skill level 4 in Maces & Flails
  2448 | D:4      | Reached XP level 5. HP: 51/57 MP: 5/5
  2448 | D:4      | Reached XP level 6. HP: 59/66 MP: 6/6
  2740 | D:4      | Reached *** piety under Trog
  2808 | D:4      | Noticed Grinder
  2811 | D:4      | Paralysed by Grinder for 4 turns
  2818 | D:4      | Killed Grinder
  2819 | D:4      | Reached skill level 5 in Maces & Flails
  2819 | D:4      | Reached XP level 7. HP: 69/72 MP: 7/7
  2952 | D:4      | Identified the +7 dagger "Wuvutug" {freeze, ^Fragile Str+4
                  | Dex+3}
  3219 | D:4      | Gained mutation: You have large cloven feet. [potion of
                  | mutation]
  3219 | D:4      | Gained mutation: A frigid envelope surrounds you and
                  | freezes all who hurt you. [potion of mutation]
  3219 | D:4      | Gained mutation: You are agile. (Dex +4, Str/Int -1)
                  | [potion of mutation]
  3299 | D:5      | Entered Level 5 of the Dungeon
  3464 | D:5      | Reached skill level 5 in Dodging
  3469 | D:5      | Reached XP level 8. HP: 83/83 MP: 8/8
  4028 | D:5      | Reached skill level 6 in Maces & Flails
  4425 | D:6      | Reached **** piety under Trog
  4456 | D:6      | Reached XP level 9. HP: 70/92 MP: 9/9
  4649 | D:6      | Reached skill level 7 in Maces & Flails
  4731 | D:6      | Found a glowing drain.
  4735 | Sewer    | Entered a sewer
  4857 | Sewer    | Reached skill level 5 in Evocations
  4970 | Sewer    | Reached ***** piety under Trog
  5441 | D:6      | Found a staircase to the Ecumenical Temple.
  5481 | Temple   | Entered the Ecumenical Temple
  5507 | D:6      | Identified the +1 hand axe "Viar" {antimagic, Will+ SInv}
  5651 | D:6      | Killed an unseen horror
  5795 | D:6      | Found a shimmering blue altar of Sif Muna.
  6158 | D:7      | Reached skill level 8 in Maces & Flails
  6385 | D:7      | Noticed a gargoyle
  6387 | D:7      | Reached XP level 10. HP: 90/104 MP: 10/10
  6406 | D:7      | Noticed a gargoyle
  6411 | D:7      | Killed a gargoyle
  6418 | D:7      | Killed a gargoyle
  6431 | D:7      | HP: 3/106 [basilisk (6)]
  6433 | D:7      | Killed an unseen horror
  6493 | D:7      | Noticed a cyclops
  6498 | D:7      | Killed a cyclops
  6639 | D:7      | Noticed Maggie
  6652 | D:7      | Killed Maggie
  6653 | D:7      | Reached skill level 9 in Maces & Flails
  6862 | D:7      | Noticed a two-headed ogre
  6868 | D:7      | Killed a two-headed ogre
  6989 | D:8      | Identified the +12 dagger of War {freeze, rF+}
  7099 | D:8      | Reached XP level 11. HP: 115/115 MP: 11/11
  7198 | D:8      | Received a gift from Trog
  7699 | D:8      | Reached skill level 10 in Maces & Flails
  8159 | D:9      | Received a gift from Trog
  8568 | D:9      | Found an ancient bone altar of Kikubaaqudgha.
  8568 | D:9      | Found a glowing golden altar of the Shining One.
  8681 | D:9      | Noticed Jeremiah
  8704 | D:9      | Killed Jeremiah
  8705 | D:9      | Reached skill level 10 in Fighting
  8760 | D:9      | Found an ancient bone altar of Kikubaaqudgha.
  8889 | D:10     | Entered Level 10 of the Dungeon
  8907 | D:10     | Found a broken altar of Ashenzari.
  9029 | D:10     | Found a staircase to the Orcish Mines.
  9042 | D:10     | Identified the +6 scale mail "Igriz" {Harm Int+3}
  9135 | D:10     | Found a staircase to the Lair.
  9861 | Lair:1   | Entered Level 1 of the Lair of Beasts
  9954 | Lair:1   | Reached XP level 12. HP: 116/127 MP: 12/12
 10038 | Lair:1   | Received a gift from Trog
 10043 | Lair:1   | Reached skill level 11 in Maces & Flails
 10412 | Lair:1   | Reached skill level 10 in Dodging
 10556 | Lair:1   | Noticed seawaffle's ghost (journeyman TrFi)
 10557 | Lair:1   | Found a runed translucent door.
 10660 | Lair:1   | Reached ****** piety under Trog
 11070 | Lair:2   | Found a runed translucent door.
 11421 | Lair:2   | Found a staircase to the Snake Pit.
 11556 | Lair:2   | Noticed FoolsGold's ghost (adept GrEE)
 11566 | Lair:2   | Killed FoolsGold's ghost
 11566 | Lair:2   | Received a gift from Trog
 11737 | Lair:3   | Reached skill level 12 in Maces & Flails
 11743 | Lair:3   | Found a shimmering altar of Xom.
 11745 | Lair:3   | Identified the +6 bardiche of the Damp God {heavy, rC+ rN+
                  | Int+3 Stlth+}
 11791 | Lair:3   | Reached XP level 13. HP: 130/137 MP: 13/13
 11884 | Lair:3   | Reached skill level 1 in Armour
 12221 | Lair:3   | Found a staircase to the Swamp.
 12225 | Lair:3   | Noticed Amaemon
 12237 | Lair:3   | Killed Amaemon
 12469 | Lair:3   | Found a runed translucent gate.
 12469 | Lair:3   | Found a runed translucent gate.
 12469 | Lair:3   | Found a runed translucent gate.
 12473 | Lair:3   | Noticed dornbeast's ghost (journeyman DsWn)
 12473 | Lair:3   | Noticed Gadfly's ghost (journeyman GrFi)
 12536 | Lair:3   | Reached skill level 5 in Armour
 12706 | Lair:3   | Killed Gadfly's ghost
 12712 | Lair:3   | Killed dornbeast's ghost
 12931 | Lair:4   | Found a runed translucent door.
 12955 | Lair:4   | Found a transporter.
 12983 | Lair:4   | Noticed DrFunkyFeet's ghost (journeyman OnAE)
 13107 | Lair:4   | Found a transporter.
 13215 | Lair:4   | Found a staircase to the Slime Pits.
 13215 | Lair:4   | Found a viscous altar of Jiyva.
 13733 | Lair:4   | Found the +8 whip "Snakebite" {venom, curare, rPois}
 13908 | Lair:4   | Found a runed translucent gate.
 13910 | Lair:4   | Found a runed translucent gate.
 13912 | Lair:4   | Found a runed translucent gate.
 13912 | Lair:4   | Found a runed translucent gate.
 13912 | Lair:4   | Found a runed translucent gate.
 13933 | Lair:4   | Found a runed translucent gate.
 14028 | Lair:4   | Reached XP level 14. HP: 126/146 MP: 14/14
 14325 | Lair:4   | Reached skill level 10 in Armour
 14564 | Lair:4   | HP: 8/219 [DrFunkyFeet's ghost/the air (19)]
 14565 | Lair:4   | Killed DrFunkyFeet's ghost
 15077 | Lair:4   | Identified the +3 trident "Liumaej" {holy, *Rage Fly rN+++
                  | Str-5}
 15103 | Lair:5   | Entered Level 5 of the Lair of Beasts
 15135 | Lair:5   | Received a gift from Trog
 15746 | Lair:5   | Reached skill level 10 in Evocations
 16246 | Lair:5   | Reached skill level 13 in Maces & Flails
 16410 | Lair:5   | Reached XP level 15. HP: 158/158 MP: 15/15
 16860 | D:11     | Found Vyned's Antique Armour Emporium.
 16882 | D:11     | Received a gift from Trog
 17503 | Orc:1    | Entered Level 1 of the Orcish Mines
 17533 | Orc:1    | Noticed Erica
 17541 | Orc:1    | Killed Erica
 17558 | Orc:1    | Noticed Gastronok
 17578 | Orc:1    | Killed Gastronok
 17594 | Orc:1    | Noticed Nergalle
 17608 | Orc:1    | Killed Nergalle
 18101 | Orc:2    | Entered Level 2 of the Orcish Mines
 18571 | Orc:2    | Found Ackamac's Antique Armour Boutique.
 18752 | Orc:2    | Found Piuthrie's Antique Weapon Boutique.
 18788 | Orc:2    | Found Ustruama's General Store.
 18886 | Orc:2    | Found a staircase to the Elven Halls.
 19140 | Orc:2    | Found Quno Suth's Magic Scroll Shop.
 19146 | Orc:2    | Received a gift from Trog
 19211 | Orc:2    | Bought a scroll of blinking for 127 gold pieces
 19211 | Orc:2    | Bought a scroll of blinking for 127 gold pieces
 19568 | D:12     | Noticed Rupert
 19580 | D:12     | Killed Rupert
 19668 | D:12     | Noticed Josephine
 19684 | D:12     | Killed Josephine
 19767 | D:12     | Reached skill level 14 in Maces & Flails
 19819 | D:12     | Noticed Jorgrun
 19819 | D:12     | Noticed Kirke
 19830 | D:12     | Killed Kirke
 19837 | D:12     | Killed Jorgrun
 20882 | D:13     | Reached XP level 16. HP: 154/170 MP: 16/16
 21222 | D:13     | Identified the amulet of Kunac {Regen+ Str+3}
 21235 | D:13     | Received a gift from Trog
 21691 | D:13     | Identified the ring of Heresy {rC+ MP-9 Dex+3 SInv}
 22205 | D:14     | Found a gate to the Vaults.
 23489 | D:15     | Entered Level 15 of the Dungeon
 23558 | D:15     | Found a staircase to the Depths.
 23580 | D:15     | Reached skill level 15 in Maces & Flails
 23747 | D:15     | Received a gift from Trog
 23760 | D:15     | HP: 1/174 [fire dragon/blast of flame (32)]
 24614 | D:15     | Found Guawnee's Magic Scroll Shop.
 24618 | D:15     | Bought a scroll of butterflies for 56 gold pieces
 25051 | Swamp:1  | Entered Level 1 of the Swamp
 25348 | Swamp:1  | Reached XP level 17. HP: 125/182 MP: 17/17
 25878 | Swamp:2  | Noticed Louise
 25885 | Abyss:3  | Cast into level 3 of the Abyss (Louise)
 26499 | Abyss:3  | Noticed an ancient lich
 26499 | Abyss:3  | Noticed a dread lich
 26509 | Abyss:3  | Noticed a tentacled starspawn
 26511 | Abyss:3  | Noticed a lich
 26612 | Abyss:3  | Noticed a tentacled starspawn
 26625 | Abyss:3  | Noticed a tentacled starspawn
 26630 | Abyss:3  | Killed a tentacled starspawn
 26635 | Abyss:3  | Killed a tentacled starspawn
 26636 | Abyss:3  | Noticed a tentacled starspawn
 26651 | Abyss:3  | Killed a tentacled starspawn
 26652 | Abyss:3  | Paralysed by accursed screaming for 1 turns
 26657 | Abyss:3  | Paralysed by accursed screaming for 1 turns
 26670 | Abyss:3  | Mangled by a green very ugly thing

Illustrated notes

Levels and vault maps discovered:
D:1:      scummos_arrival_hexagon, layout_loops_ring,
          ebering_ecumenical_altar_rust
D:2:      layout_rooms, basic_altar
D:3:      layout_loops_corners, serial_glass, glass_columns_b, glass_columns_a,
          glass_columns_a, glass_columns_b, glass_columns_b, glass_columns_a,
          glass_columns_a, glass_columns_c, glass_columns_b, glass_columns_b,
          glass_columns_a, glass_columns_b, glass_columns_a, glass_columns_b
D:4:      layout_cave_pods, minmay_ruptured, uniq_grinder, uniq_eustachio
D:5:      layout_loops_corners, minmay_holes, chequers_serial_rivers_large_a
D:6:      layout_cave_pools, kennysheep_orc_sif_temple,
          minmay_temple_entry_wispy, gup_sewer_entry_spiral,
          hangedman_decor_opposing, grunt_ministairs_6, nzn_random_ring
D:7:      layout_cave_pools, minmay_shattered_shrine, uniq_maggie
D:8:      bobbens_index_wilting_gardens, layout_basic, serial_demonic,
          serial_demonic_f, serial_demonic_c, serial_demonic_b, serial_demonic_c
D:9:      wander_kiku_kobolds, layout_basic, gammafunk_temple_overflow_elements,
          uniq_jeremiah
D:10:     layout_layer_cave, lemuel_crystal_altar, david_lair_generic,
          david_orc_2
D:11:     layout_loops_ring, serial_shops, nicolae_shop_gibbet_a_chance
D:12:     layout_cave_pools, uniq_rupert, uniq_jorgrun, uniq_josephine,
          uniq_kirke
D:13:     lemuel_castle_with_subvaults [lemuel_castle_interior_carwin_3],
          layout_stronghold, serial_bayou, serial_bayou_lagoon_a,
          serial_bayou_pond_e, serial_bayou_crossing
D:14:     layout_basic, erik_vaults_2
D:15:     grunt_enter_depths_giant_problem, layout_cave_pods, serial_shops, shop
Temple:   eino_narrow_crystal_temple
Lair:1:   lemuel_slime, layout_loops_ring, gammafunk_ghost_grave,
          beast_lair_carwin_10
Lair:2:   layout_misc_corridors, nicolae_snake_entry_squirm,
          ebering_ghost_reflecting_pool
Lair:3:   layout_cave_pods, swamp_mist, basic_altar, gammafunk_ghost_cemetery,
          uniq_amaemon
Lair:4:   gammafunk_indiana_jones, layout_regular_city, slime_entry_1,
          gammafunk_ghost_berserking_beasts
Lair:5:   evilmike_catoblepas_cave, layout_long_grid,
          pdpol_lair_neglected_garden, bobbens_dragon_lair_wall,
          lemuel_fruit_fields
Swamp:1:  layout_falls_marsh, nicolae_swamp_round_clearing
Swamp:2:  layout_basic_swamp, hangedman_swamp_ruin_wall, uniq_louise
Orc:1:    layout_diamond_mine, uniq_erica, uniq_gastronok, uniq_nergalle
Orc:2:    st_orc_town, layout_caves, serial_shops, nicolae_shop_trees
Abyss:3:  base:
D:7

Skill      XL: |  1  2  3  4  5  6  7  8  9 10 11 12 13 14 15 16 |
---------------+-------------------------------------------------+-----
Dodging        | 3 4 5 6 7 8 9 10 | 10.8
Evocations     | 1 2 3 4 5 7 8 9 10 11 12 | 12.8
Fighting       | 5 6 8 9 10 11 12 13 14 | 14.9
Maces & Flails | 4 5 6 8 9 10 12 13 14 15 | 15.6
Armour         | 9 12 13 14 | 14.5

Action                     |  1- 3 |  4- 6 |  7- 9 | 10-12 | 13-15 | 16-18 || total
---------------------------+-------+-------+-------+-------+-------+-------++-------
  Melee: Mace              |    95 |   115 |   182 |   233 |       |       ||   625
         Headbutt          |     8 |    16 |    44 |    88 |   267 |    75 ||   498
         Flail             |       |     4 |       |    64 |     5 |       ||    73
         Kick              |       |       |    65 |   159 |   396 |   115 ||   735
         Punch             |       |       |     2 |     2 |    12 |       ||    16
         Dagger            |       |       |    70 |       |       |       ||    70
         Dire flail        |       |       |       |   235 |   287 |   372 ||   894
         Great mace        |       |       |       |    11 |    50 |       ||    61
         Whip              |       |       |       |       |   649 |       ||   649
         Unarmed           |       |       |       |       |     1 |       ||     1
 Invoke: Berserk           |       |       |       |     2 |     4 |       ||     6
  Evoke: Wand              |       |       |       |     2 |     5 |     3 ||    10
         Condenser vane    |       |       |       |       |       |     1 ||     1
    Use: Scroll            |     5 |       |     9 |     6 |     3 |     3 ||    26
         Potion            |       |       |     6 |     5 |     2 |     3 ||    16
   Stab: Sleeping          |       |       |     2 |       |       |       ||     2
         Paralysed         |       |       |       |     4 |       |       ||     4
 Armour: Animal skin       |    26 |       |       |       |       |       ||    26
         Robe              |    44 |    73 |   112 |    40 |       |       ||   269
         Swamp dragon scal |       |       |       |   260 |   552 |   373 ||  1185
         Skin              |       |       |       |       |     1 |     2 ||     3
  Dodge: Dodged            |    63 |    73 |   212 |   420 |   820 |   416 ||  2004
